 Dungeon Crawl Stone Soup version 0.29.0-4-gdea44cf6ec (webtiles) character file.

Game seed: 8949332610882832261

252 qw the Chopper (level 6, -1/35 HPs)
             Began as a Tengu Warper on Aug 28, 2022.
             Slain by a kobold
             ... wielding a +0 whip
              (3 damage)
             ... on level 4 of the Dungeon.
             The game lasted 00:00:21 (3536 turns).

qw the Chopper (Tengu Warper)                       Turns: 3536, Time: 00:00:21

Health: -1/35      AC:  8    Str: 14    XL:     6   Next: 14%
Magic:  10/10      EV: 11    Int: 13    God:
Gold:   185        SH:  8    Dex: 13    Spells: 9/9 levels left

rFire   . . .      SeeInvis +   Y - +0 hand axe
rCold   . . .      Faith    .   d - +0 kite shield
rNeg    . . .      Spirit   .   f - +0 ring mail
rPois   .          Reflect  .   (helmet restricted)
rElec   .          Harm     .   j - +2 cloak
rCorr   .          Rampage  .   (no gloves)
Will    .....                   (boots unavailable)
Stlth   +.........              e - amulet of the acrobat
HPRegen 0.11/turn               a - ring of see invisible
MPRegen 0.12/turn               (no ring)

@: about to teleport, flying quickly and evasively, quick
A: beak, talons 3, nimble flight
a: no special abilities


You were on level 4 of the Dungeon.
You visited 1 branch of the dungeon, and saw 4 of its levels.

You collected 185 gold pieces.


Innate Abilities, Weirdness & Mutations

You have a beak for a mouth.
You have claws for feet.
Your magical nature lets you fly swiftly and evasively.


   Skills:
 - Level 2.0 Fighting
 + Level 5.6 Axes
 - Level 1.0 Throwing
 - Level 1.1 Armour
 - Level 2.1 Dodging
 - Level 3.3 Shields
 - Level 2.0 Spellcasting
 - Level 2.4 Translocations


You had 9 spell levels left.
You didn't know any spells.
Your spell library contained the following spells:

 Spells                   Type           Power      Damage    Failure   Level
 Blink                    Tloc           14%        N/A       67%         2
 Gell's Gravitas          Tloc           7%         N/A       88%         3
 Lesser Beckoning         Tloc           7%         N/A       88%         3
 Teleport Other           Tloc           7%         N/A       88%         3
 Manifold Assault         Tloc           7%         N/A       100%        5

Inventory:

Hand Weapons
 c - a +0 flail
 Y - a +0 hand axe (weapon)
Missiles
 k - 2 boomerangs (quivered)
Armour
 d - a +0 kite shield (worn)
 f - a +0 ring mail (worn)
 j - a +2 cloak (worn)
Jewellery
 a - a ring of see invisible (left hand)
 e - an amulet of the acrobat (around neck)
Potions
 b - a potion of curing {unknown}
 g - a potion of invisibility {unknown}
 h - a potion of ambrosia {unknown}

Dungeon Overview and Level Annotations

Branches:
Dungeon (4/15)
 Temple: D:4-7

Altars:
Dithmenos
Makhleb


Message History

You block the kobold's attack.
You hit the ogre. You claw the ogre. Your peck misses the ogre.
The ogre is severely wounded.
You closely miss the kobold. The ogre hits you with a +0 giant club!
The kobold hits you with a +0 whip.
You hit the ogre. You claw the ogre.
The ogre is almost dead.
You barely miss the kobold. You block the kobold's attack.
The ogre barely misses you.
You hit the ogre but do no damage. Your kick misses the ogre.
The ogre is almost dead.
You hit the kobold but do no damage. The kobold closely misses you.
An orc comes into view. It is wielding a +0 mace.
You block the ogre's attack.
You hit the ogre.
You kill the ogre!
You hit the kobold. You hit the worm. The kobold closely misses you.
The worm bites you! The kobold completely misses you.
Your Axes skill increases to level 5!
You have reached level 6!
3534 ||| READING scroll of teleportation.
As you read the scroll of teleportation, it crumbles to dust.
You feel strangely unstable. You block the orc priest's attack.
The kobold hits you but does no damage.
You barely miss the kobold. Your peck misses the kobold.
The kobold is moderately wounded.
You hit the worm. You hit the orc wizard.
You hit the orc priest but do no damage.
You block the worm's attack. The orc priest barely misses you.
The kobold hits you but does no damage.
An orc priest comes into view. It is wielding a +0 quarterstaff.
The orc wizard hits you but does no damage.
You completely miss the orc wizard. You claw the orc wizard.
The orc wizard is heavily wounded.
You barely miss the worm. You hit the orc but do no damage.
You hit the orc priest. You hit the kobold but do no damage.
The orc priest hits you but does no damage.
The kobold hits you with a +0 whip.
You die...

.........
......... ...
........# ###...
..(.....#.......##
..................
.......o##......#
......Ko##.o#...##
..¤¤..w@o.........
.¤~¤~~o._..¤~~~..~
..¤...............
....#####..###.##
....####..)# ..
........# #### .
.####...## #....
#......#####......
#..........%..#...


You could see a worm, 2 orc priests, an orc wizard (invisible), 2 orcs and a
kobold.

Vanquished Creatures
  An ogre (D:4)
  A hound (D:4)
  Ijyb (D:3)
  An iguana (D:4)
  A gnoll (D:1)
  An adder (D:3)
  2 worms (D:2)
  A dart slug (D:1)
  An orc (D:3)
  7 ball pythons
  5 bats
  4 endoplasms
  A giant cockroach (D:1)
  7 goblins
  11 hobgoblins
  3 quokkas
  A frilled lizard (D:2)
  7 kobolds
  8 rats
  A butterfly (D:4)
65 creatures vanquished.

Notes
Turn   | Place    | Note
-------+----------+-------------------------------------------
     0 | D:1      | qw the Tengu Warper began the quest for the Orb.
     0 | D:1      | Reached XP level 1. HP: 12/12 MP: 4/4
     0 | D:1      | 0 ||| qw: Version: 0.1-a-89-g26bdef1
     0 | D:1      | 0 ||| qw: Game counter: 2108
     0 | D:1      | 0 ||| qw: Always use a shield: true
     0 | D:1      | 0 ||| qw: God list: Okawaru
     0 | D:1      | 0 ||| qw: Allow faded altars: false
     0 | D:1      | 0 ||| qw: Do Orc after D:15 true
     0 | D:1      | 0 ||| qw: Do second Lair branch before Depths: true
     0 | D:1      | 0 ||| qw: Lair rune preference: random
     0 | D:1      | 0 ||| qw: Plans: Normal
     0 | D:1      | 0 ||| PLANNING D:1-11
    33 | D:1      | 33 ||| Stepping ~*~*~tactically~*~*~ (stealth).
    36 | D:1      | 36 ||| Stepping ~*~*~tactically~*~*~ (stealth).
    37 | D:1      | 37 ||| Stepping ~*~*~tactically~*~*~ (stealth).
    39 | D:1      | 39 ||| Stepping ~*~*~tactically~*~*~ (stealth).
    40 | D:1      | 40 ||| Stepping ~*~*~tactically~*~*~ (stealth).
    45 | D:1      | HP: 3/12 [poisoned by a goblin]
    46 | D:1      | Reached skill level 3 in Axes
    46 | D:1      | Reached XP level 2. HP: 5/17 MP: 6/6
    51 | D:1      | HP: 1/17 [hobgoblin (1)]
    98 | D:1      | 98 ||| Stepping ~*~*~tactically~*~*~ (stealth).
   101 | D:1      | 101 ||| Stepping ~*~*~tactically~*~*~ (stealth).
   104 | D:1      | 104 ||| Stepping ~*~*~tactically~*~*~ (stealth).
   106 | D:1      | 106 ||| Stepping ~*~*~tactically~*~*~ (stealth).
   109 | D:1      | 109 ||| Stepping ~*~*~tactically~*~*~ (stealth).
   110 | D:1      | 110 ||| Stepping ~*~*~tactically~*~*~ (stealth).
   111 | D:1      | 111 ||| Stepping ~*~*~tactically~*~*~ (stealth).
   113 | D:1      | 113 ||| Stepping ~*~*~tactically~*~*~ (stealth).
   114 | D:1      | 114 ||| Stepping ~*~*~tactically~*~*~ (stealth).
   115 | D:1      | 115 ||| Stepping ~*~*~tactically~*~*~ (stealth).
   119 | D:1      | HP: 4/17 [goblin/+0 club (1)]
   120 | D:1      | 120 ||| Stepping ~*~*~tactically~*~*~ (stealth).
   124 | D:1      | 124 ||| Stepping ~*~*~tactically~*~*~ (stealth).
   162 | D:1      | 162 ||| Stepping ~*~*~tactically~*~*~ (stealth).
   527 | D:1      | 527 ||| Stepping ~*~*~tactically~*~*~ (hiding).
   667 | D:1      | 667 ||| Stepping ~*~*~tactically~*~*~ (stealth).
   681 | D:1      | 681 ||| Stepping ~*~*~tactically~*~*~ (stealth).
   684 | D:1      | 684 ||| Stepping ~*~*~tactically~*~*~ (stealth).
   718 | D:1      | 718 ||| Stepping ~*~*~tactically~*~*~ (stealth).
   720 | D:1      | 720 ||| Stepping ~*~*~tactically~*~*~ (stealth).
   724 | D:1      | HP: 4/17 [gnoll/+0 club (3)]
   727 | D:1      | Reached skill level 4 in Axes
   727 | D:1      | Reached XP level 3. HP: 6/21 MP: 7/7
   741 | D:1      | 741 ||| Stepping ~*~*~tactically~*~*~ (stealth).
   745 | D:1      | 745 ||| Stepping ~*~*~tactically~*~*~ (stealth).
  1043 | D:1      | 1043 ||| DROPPING +0 club.
  1045 | D:1      | Found a faded altar of an unknown god.
  1146 | D:1      | 1146 ||| Stepping ~*~*~tactically~*~*~ (stealth).
  1301 | D:1      | 1301 ||| UPGRADING to +0 kite shield.
  1307 | D:1      | 1307 ||| UPGRADING to +0 ring mail.
  1317 | D:1      | 1317 ||| DROPPING +0 leather armour.
  1318 | D:1      | 1318 ||| UPGRADING to +0 cloak.
  1323 | D:1      | 1323 ||| UPGRADING to +2 cloak.
  1333 | D:1      | 1333 ||| DROPPING +0 cloak.
  1454 | D:1      | 1454 ||| READING scroll labelled FEUSOX BEANUPT.
  1455 | D:1      | 1455 ||| READING scroll labelled DIOLLEMP UKEPA.
  1556 | D:1      | 1556 ||| DROPPING scroll of blinking.
  1614 | D:2      | Identified the +4 spear "Ukiv Ana" {speed, Int+2 SInv}
  1722 | D:2      | Reached skill level 1 in Shields
  1760 | D:2      | 1760 ||| Stepping ~*~*~tactically~*~*~ (stealth).
  1769 | D:2      | Reached XP level 4. HP: 25/26 MP: 8/8
  2574 | D:2      | 2574 ||| UPGRADING to amulet of the acrobat.
  2579 | D:2      | 2579 ||| UPGRADING to ring of see invisible.
  2580 | D:2      | 2580 ||| READING scroll labelled CUFFAX PUTECO.
  2581 | D:2      | 2581 ||| READING scroll labelled FER RELEIHIMMI.
  2582 | D:2      | 2582 ||| READING scroll labelled QIOHEO LEPS.
  2583 | D:2      | 2583 ||| READING scroll labelled WIZOXT HIDYA.
  2588 | D:2      | 2588 ||| DRINKING 2 viscous cyan potions.
  2589 | D:2      | 2589 ||| DROPPING potion of degeneration.
  2726 | D:3      | 2726 ||| DROPPING +0 whip.
  2785 | D:3      | Noticed Ijyb
  2806 | D:3      | Killed Ijyb
  2943 | D:3      | Gained mutation: Your magical nature lets you fly swiftly
                  | and evasively. [Tengu growth]
  2943 | D:3      | Reached XP level 5. HP: 10/30 MP: 9/9
  3298 | D:3      | Found a burning altar of Makhleb.
  3464 | D:3      | 3464 ||| READING scroll labelled ZUR GAEKKOLE.
  3465 | D:3      | 3465 ||| READING scroll labelled EKHUHA KIRAPT.
  3466 | D:3      | 3466 ||| READING scroll labelled HEDWOA MOASH.
  3479 | D:4      | Reached skill level 3 in Shields
  3497 | D:4      | Found a shadowy altar of Dithmenos.
  3520 | D:4      | Noticed an ogre
  3521 | D:4      | 3521 ||| Stepping ~*~*~tactically~*~*~ (hiding).
  3533 | D:4      | Killed an ogre
  3533 | D:4      | HP: 1/30 [worm (9)]
  3534 | D:4      | Reached skill level 5 in Axes
  3534 | D:4      | Reached XP level 6. HP: 1/35 MP: 10/10
  3534 | D:4      | 3534 ||| READING scroll of teleportation.
  3536 | D:4      | Slain by a kobold

Levels and vault maps discovered:
D:1:      dpeg_arrival_stonehenge_8_columns, layout_basic,
          shapermc_ecumenical_altar_pompeii, serial_glass, glass_columns_a,
          glass_columns_a, glass_columns_a, glass_columns_c, glass_columns_a,
          glass_columns_b, st_stairs_12
D:2:      layout_basic
D:3:      layout_basic, lightli_temple_of_fire, uniq_ijyb
D:4:      layout_rooms, mainiacjoe_overflow_boulevard,
          minmay_temple_entry_butterflies, serial_shops, nicolae_stop_n_shop_1

Skill      XL: |  1  2  3  4  5 |
---------------+----------------+-----
Axes           | 3 4 5 |  5.6
Shields        | 1 2 3 |  3.3
Fighting       | |  2.0
Throwing       | |  1.0
Armour         | |  1.1
Dodging        | |  2.1
Spellcasting   | |  2.0
Translocations | |  2.4

Action                   |  1- 3 |  4- 6 || total
-------------------------+-------+-------++-------
Melee: Hand axe          |    86 |    89 ||   175
       Kick              |    26 |    25 ||    51
       Peck              |    11 |     9 ||    20
Throw: Boomerang         |     7 |     9 ||    16
  Use: Scroll            |     2 |     8 ||    10
       Potion            |       |     1 ||     1
Armor: Leather armour    |     8 |       ||     8
       Ring mail         |     6 |    25 ||    31
Dodge: Dodged            |    37 |    38 ||    75
Block: Kite shield       |     3 |    32 ||    35

Table legend:
 A = Non-vault XP
 B = Vault XP
 C = Vault XP percentage of total XP
 D = Non-vault monster count
 E = Vault monster count
 F = Vault count percentage of total count
                 A         B        C        D         E       F
            +---------+---------+-------+---------+---------+-------
      Total |     321 |      40 |  11.1 |      61 |       3 |   4.7
            +---------+---------+-------+---------+---------+-------
        D:1 |      62 |       4 |   6.1 |      28 |       2 |   6.7
        D:2 |      36 |       0 |   0.0 |      18 |       0 |   0.0
        D:3 |      29 |      36 |  55.4 |      10 |       1 |   9.1
        D:4 |     194 |       0 |   0.0 |       5 |       0 |   0.0
            +---------+---------+-------+---------+---------+-------
